| TOP OF THE 1ST |
|
Pulaski Yankees batting - Pitching for Baltimore (APP) Orioles : RHP Adam Browne
|
|
Pitching: RHP Adam Browne
|
|
|
Batting: LHB Dan Morris
|
0-0: Ball 1-0: Ground out 5-3 (Groundball, 56S, EV 89.4 MPH)
|
|
Batting: RHB Colby Macon
|
0-0: Ball 1-0: Ball 2-0: Ball 3-0: Base on Balls
|
|
Batting: SHB Blake Abbott
|
0-0: Ball 1-0: Called Strike 1-1: Ball Colby Macon is caught stealing 2nd base 2-6 2-1: Hit by Pitch
|
|
Batting: RHB Bobby Melillo
|
0-0: Swinging Strike 0-1: Foul Ball, location: 2F 0-2: Ball Wild Pitch! Blake Abbott to second 1-2: Ball 2-2: Ball 3-2: Foul Ball, location: 2F 3-2: Reached on error, E5 (Groundball, 5, EV 103.8 MPH) Blake Abbott to third
|
|
Batting: SHB Victor Ruiz
|
0-0: Ball 1-0: Swinging Strike 1-1: Foul Ball, location: 2F 1-2: Ball 2-2: Ball 3-2: Base on Balls Bobby Melillo to second
|
|
Batting: SHB Joe Fure
|
0-0: Called Strike 0-1: Called Strike 0-2: Ball 1-2: Strikes out looking
|
| Top of the 1st over - 0 runs, 0 hits, 1 error, 3 left on base; Pulaski 0 - Baltimore (APP) 0 |
| BOTTOM OF THE 1ST |
|
Baltimore (APP) Orioles batting - Pitching for Pulaski Yankees : RHP Edwin Espinal
|
|
Pitching: RHP Edwin Espinal
|
|
|
Batting: RHB Alex Valencia
|
0-0: Fly out, F7 (Flyball, 7LD, EV 90.0 MPH)
|
|
Batting: LHB Rodolfo Montes
|
0-0: Ball 1-0: Swinging Strike 1-1: Foul Ball, location: 2F 1-2: Ground out 5-3 (Groundball, 56, EV 85.0 MPH)
|
|
Batting: RHB Jeremy Sipe
|
0-0: Called Strike 0-1: Fly out, F3 (Line Drive, 3, EV 66.3 MPH)
|
| Bottom of the 1st over - 0 runs, 0 hits, 0 errors, 0 left on base; Pulaski 0 - Baltimore (APP) 0 |
| TOP OF THE 2ND |
|
Pulaski Yankees batting - Pitching for Baltimore (APP) Orioles : RHP Adam Browne
|
|
Batting: RHB Jordan Barragan
|
0-0: Foul Ball, location: 2F 0-1: Ball 1-1: Ball 2-1: Fly out, F7 (Flyball, 78M, EV 93.1 MPH)
|
|
Batting: RHB Johannes Gutermuth
|
0-0: Foul Ball, location: 2F 0-1: Foul Ball, location: 2F 0-2: Fly out, F9 (Line Drive, 9, EV 91.3 MPH)
|
|
Batting: RHB Roberto Tena
|
0-0: Called Strike 0-1: Ball 1-1: Called Strike 1-2: Fly out, F9 (Line Drive, 9, EV 91.9 MPH)
|
| Top of the 2nd over - 0 runs, 0 hits, 0 errors, 0 left on base; Pulaski 0 - Baltimore (APP) 0 |
| BOTTOM OF THE 2ND |
|
Baltimore (APP) Orioles batting - Pitching for Pulaski Yankees : RHP Edwin Espinal
|
|
Batting: LHB Bill Ostlund
|
0-0: Called Strike 0-1: Swinging Strike 0-2: Ball 1-2: Ball 2-2: Strikes out swinging
|
|
Batting: RHB Mike Zepeda
|
0-0: Ball 1-0: Called Strike 1-1: Called Strike 1-2: Ball 2-2: Foul Ball, location: 2F 2-2: Strikes out swinging
|
|
Batting: LHB Justin Alworth
|
0-0: Called Strike 0-1: Called Strike 0-2: Ball 1-2: Foul Ball, location: 2F 1-2: Fly out, F8 (Flyball, 8RXD, EV 100.0 MPH)
|
| Bottom of the 2nd over - 0 runs, 0 hits, 0 errors, 0 left on base; Pulaski 0 - Baltimore (APP) 0 |
| TOP OF THE 3RD |
|
Pulaski Yankees batting - Pitching for Baltimore (APP) Orioles : RHP Adam Browne
|
|
Batting: LHB Dan Morris
|
0-0: Called Strike 0-1: SINGLE (Groundball, 25, EV 68.8 MPH) (infield hit)
|
|
Batting: RHB Colby Macon
|
0-0: Called Strike 0-1: Swinging Strike 0-2: Strikes out swinging
|
|
Batting: SHB Blake Abbott
|
0-0: Ball Dan Morris steals 2nd base 1-0: Swinging Strike 1-1: Ball 2-1: Foul Ball, location: 2F 2-2: Foul Ball, location: 2F 2-2: Ball 3-2: Strikes out looking
|
|
Batting: RHB Bobby Melillo
|
0-0: Called Strike 0-1: Foul Ball, location: 2F 0-2: Ball 1-2: Strikes out swinging
|
| Top of the 3rd over - 0 runs, 1 hit, 0 errors, 1 left on base; Pulaski 0 - Baltimore (APP) 0 |
| BOTTOM OF THE 3RD |
|
Baltimore (APP) Orioles batting - Pitching for Pulaski Yankees : RHP Edwin Espinal
|
|
Batting: RHB Matt O'Dea
|
0-0: Ground out 6-3 (Groundball, 6, EV 100.0 MPH)
|
|
Batting: RHB Ryan Vest
|
0-0: Called Strike 0-1: Ball 1-1: Swinging Strike 1-2: Ball 2-2: Ball 3-2: Ground out 6-3 (Groundball, 6, EV 81.9 MPH)
|
|
Batting: RHB Ioan Biros
|
0-0: Foul Ball, location: 2F 0-1: Foul Ball, location: 2F 0-2: Ground out 4-3 (Groundball, 4M, EV 93.8 MPH)
|
| Bottom of the 3rd over - 0 runs, 0 hits, 0 errors, 0 left on base; Pulaski 0 - Baltimore (APP) 0 |
| TOP OF THE 4TH |
|
Pulaski Yankees batting - Pitching for Baltimore (APP) Orioles : RHP Adam Browne
|
|
Batting: SHB Victor Ruiz
|
0-0: Called Strike 0-1: Called Strike 0-2: Ball 1-2: Ball 2-2: Foul Ball, location: 2F 2-2: Ball 3-2: Base on Balls
|
|
Batting: SHB Joe Fure
|
0-0: Ball 1-0: Foul Ball, location: 2F 1-1: Foul Ball, location: 2F 1-2: Ball 2-2: Foul Ball, location: 2F 2-2: Ball 3-2: Foul Ball, location: 2F 3-2: Grounds into double play, 6-4-3 (Groundball, 6, EV 88.1 MPH)
|
|
Batting: RHB Jordan Barragan
|
0-0: Ball 1-0: Ball 2-0: Called Strike 2-1: Ground out 6-3 (Groundball, 6, EV 86.3 MPH)
|
| Top of the 4th over - 0 runs, 0 hits, 0 errors, 0 left on base; Pulaski 0 - Baltimore (APP) 0 |
| BOTTOM OF THE 4TH |
|
Baltimore (APP) Orioles batting - Pitching for Pulaski Yankees : RHP Edwin Espinal
|
|
Batting: RHB Alex Valencia
|
0-0: Called Strike 0-1: Foul Ball, location: 2F 0-2: Ball 1-2: Fly out, F9 (Line Drive, 9, EV 96.3 MPH)
|
|
Batting: LHB Rodolfo Montes
|
0-0: Foul Ball, location: 2F 0-1: Ball 1-1: Fly out, F6 (Flyball, 56D, EV 94.4 MPH)
|
|
Batting: RHB Jeremy Sipe
|
0-0: Ball 1-0: Fly out, F8 (Flyball, 8LXD, EV 105.6 MPH)
|
| Bottom of the 4th over - 0 runs, 0 hits, 0 errors, 0 left on base; Pulaski 0 - Baltimore (APP) 0 |
| TOP OF THE 5TH |
|
Pulaski Yankees batting - Pitching for Baltimore (APP) Orioles : RHP Adam Browne
|
|
Batting: RHB Johannes Gutermuth
|
0-0: Ball 1-0: Foul Ball, location: 2F 1-1: Ball 2-1: Called Strike 2-2: Foul Ball, location: 2F 2-2: Ball 3-2: Fly out, F8 (Flyball, 8LS, EV 92.5 MPH)
|
|
Batting: RHB Roberto Tena
|
0-0: Called Strike 0-1: Called Strike 0-2: Strikes out swinging
|
|
Batting: LHB Dan Morris
|
0-0: Called Strike 0-1: Ball 1-1: Ball 2-1: Ground out 6-3 (Groundball, 56, EV 90.0 MPH)
|
| Top of the 5th over - 0 runs, 0 hits, 0 errors, 0 left on base; Pulaski 0 - Baltimore (APP) 0 |
| BOTTOM OF THE 5TH |
|
Baltimore (APP) Orioles batting - Pitching for Pulaski Yankees : RHP Edwin Espinal
|
|
Batting: LHB Bill Ostlund
|
0-0: Ball 1-0: Ball 2-0: Ball 3-0: Base on Balls
|
|
Batting: RHB Mike Zepeda
|
0-0: Ball 1-0: Called Strike Bill Ostlund steals 2nd base 1-1: Called Strike 1-2: Ball 2-2: SINGLE (Flyball, 7S, EV 95.0 MPH) Bill Ostlund to third Runner from 3rd tries for Home, SAFE, throw by LF to home
|
|
Batting: LHB Justin Alworth
|
0-0: Foul Ball, location: 2F 0-1: Ball 1-1: Ball 2-1: Foul Ball, location: 2F 2-2: Strikes out looking
|
|
Batting: RHB Matt O'Dea
|
0-0: Called Strike Mike Zepeda is caught stealing 2nd base 2-4 0-1: Called Strike 0-2: Ball 1-2: Ball 2-2: Ground out 1-3 (Groundball, 13S, EV 66.3 MPH)
|
| Bottom of the 5th over - 1 run, 1 hit, 0 errors, 0 left on base; Pulaski 0 - Baltimore (APP) 1 |
| TOP OF THE 6TH |
|
Pulaski Yankees batting - Pitching for Baltimore (APP) Orioles : RHP Adam Browne
|
|
Batting: RHB Colby Macon
|
0-0: Ball 1-0: Ground out 4-3 (Groundball, 4, EV 92.5 MPH)
|
|
Batting: SHB Blake Abbott
|
0-0: Swinging Strike 0-1: Ground out 5-3 (Groundball, 6, EV 102.5 MPH)
|
|
Batting: RHB Bobby Melillo
|
0-0: Ball 1-0: Foul Ball, location: 2F 1-1: Swinging Strike 1-2: Fly out, F4 (Popup, 34, EV 53.8 MPH)
|
| Top of the 6th over - 0 runs, 0 hits, 0 errors, 0 left on base; Pulaski 0 - Baltimore (APP) 1 |
| BOTTOM OF THE 6TH |
|
Baltimore (APP) Orioles batting - Pitching for Pulaski Yankees : RHP Edwin Espinal
|
|
Batting: RHB Ryan Vest
|
0-0: Ball 1-0: Called Strike 1-1: Ground out U3 (Groundball, 34S, EV 79.4 MPH)
|
|
Batting: RHB Ioan Biros
|
0-0: Called Strike 0-1: Ball 1-1: Swinging Strike 1-2: Foul Ball, location: 2F 1-2: Ball 2-2: Foul Ball, location: 2F 2-2: Strikes out swinging
|
|
Batting: RHB Alex Valencia
|
0-0: Swinging Strike 0-1: Ground out 6-3 (Groundball, 6, EV 104.4 MPH)
|
| Bottom of the 6th over - 0 runs, 0 hits, 0 errors, 0 left on base; Pulaski 0 - Baltimore (APP) 1 |
| TOP OF THE 7TH |
|
Pulaski Yankees batting - Pitching for Baltimore (APP) Orioles : RHP Adam Browne
|
|
Pitching: RHP Angel Gonzales
|
|
|
Batting: SHB Victor Ruiz
|
0-0: Ball 1-0: Ball 2-0: Foul Ball, location: 2F 2-1: Swinging Strike 2-2: Ball 3-2: Base on Balls
|
|
Batting: SHB Joe Fure
|
0-0: Foul Ball, location: 2F 0-1: Fly out, F8 (Line Drive, 8LM, EV 93.1 MPH)
|
|
Batting: RHB Jordan Barragan
|
0-0: Ball 1-0: Swinging Strike 1-1: DOUBLE (Flyball, 8RXD, EV 91.9 MPH) Victor Ruiz to third
|
|
Batting: RHB Johannes Gutermuth
|
0-0: Called Strike 0-1: Called Strike 0-2: Foul Ball, location: 2F 0-2: Ball 1-2: Ball 2-2: Strikes out swinging
|
|
Pinch Hitting: LHB Joel Vera
|
0-0: Ball 1-0: Called Strike 1-1: Swinging Strike 1-2: Ball 2-2: Strikes out looking
|
| Top of the 7th over - 0 runs, 1 hit, 0 errors, 2 left on base; Pulaski 0 - Baltimore (APP) 1 |
| BOTTOM OF THE 7TH |
|
Baltimore (APP) Orioles batting - Pitching for Pulaski Yankees : RHP Edwin Espinal
|
|
Now at 2B: Joel Vera
|
|
|
Now at SS: Colby Macon
|
|
|
Batting: LHB Rodolfo Montes
|
0-0: Called Strike 0-1: Ball 1-1: Fly out, F7 (Flyball, 7S, EV 82.5 MPH)
|
|
Pitching: RHP Jake Visconti
|
|
|
Batting: RHB Jeremy Sipe
|
0-0: Called Strike 0-1: Swinging Strike 0-2: Ball 1-2: Strikes out looking
|
|
Batting: LHB Bill Ostlund
|
0-0: Swinging Strike 0-1: Ball 1-1: Called Strike 1-2: Strikes out swinging
|
| Bottom of the 7th over - 0 runs, 0 hits, 0 errors, 0 left on base; Pulaski 0 - Baltimore (APP) 1 |
| TOP OF THE 8TH |
|
Pulaski Yankees batting - Pitching for Baltimore (APP) Orioles : RHP Angel Gonzales
|
|
Pitching: RHP Frank Caillouet
|
|
|
Batting: LHB Dan Morris
|
0-0: Swinging Strike 0-1: Ball 1-1: Foul Ball, location: 2F 1-2: Strikes out swinging
|
|
Batting: RHB Colby Macon
|
0-0: Swinging Strike 0-1: Foul Ball, location: 2F 0-2: Foul Ball, location: 2F 0-2: Ball 1-2: Ball 2-2: Foul Ball, location: 2F 2-2: Ball 3-2: Fly out, F2 (Popup, 15S, EV 92.5 MPH)
|
|
Batting: SHB Blake Abbott
|
0-0: Called Strike 0-1: Swinging Strike 0-2: Ball 1-2: Strikes out swinging
|
| Top of the 8th over - 0 runs, 0 hits, 0 errors, 0 left on base; Pulaski 0 - Baltimore (APP) 1 |
| BOTTOM OF THE 8TH |
|
Baltimore (APP) Orioles batting - Pitching for Pulaski Yankees : RHP Jake Visconti
|
|
Pitching: LHP Steve Martin
|
|
|
Batting: RHB Mike Zepeda
|
0-0: Ball 1-0: SINGLE (Flyball, 3D, EV 86.3 MPH)
|
|
Batting: LHB Justin Alworth
|
0-0: 2-RUN HOME RUN (Line Drive, 9D, EV 101.3 MPH), Distance : 396 ft
|
|
Batting: RHB Matt O'Dea
|
0-0: Ball 1-0: Ground out 6-3 (Groundball, 6, EV 87.5 MPH)
|
|
Batting: RHB Ryan Vest
|
0-0: Ball 1-0: Ball 2-0: Called Strike 2-1: Called Strike 2-2: Fly out, F6 (Popup, 6, EV 66.3 MPH)
|
|
Batting: RHB Ioan Biros
|
0-0: Foul Ball, location: 2F 0-1: Ball 1-1: Foul Ball, location: 2F 1-2: Foul Ball, location: 2F 1-2: Ball 2-2: Strikes out swinging
|
| Bottom of the 8th over - 2 runs, 2 hits, 0 errors, 0 left on base; Pulaski 0 - Baltimore (APP) 3 |
| TOP OF THE 9TH |
|
Pulaski Yankees batting - Pitching for Baltimore (APP) Orioles : RHP Frank Caillouet
|
|
Pitching: RHP Chris Kimura
|
|
|
Batting: RHB Bobby Melillo
|
0-0: SOLO HOME RUN (Flyball, 89XD, EV 106.9 MPH), Distance : 427 ft
|
|
Batting: SHB Victor Ruiz
|
0-0: Foul Ball, location: 2F 0-1: Swinging Strike 0-2: Ball 1-2: Ball 2-2: Strikes out swinging
|
|
Batting: SHB Joe Fure
|
0-0: Ball 1-0: Swinging Strike 1-1: Ball 2-1: Ball 3-1: Base on Balls
|
|
Batting: RHB Jordan Barragan
|
0-0: Called Strike 0-1: Ball 1-1: Ball 2-1: Foul Ball, location: 2F 2-2: Foul Ball, location: 2F 2-2: Ball 3-2: Strikes out swinging
|
|
Batting: RHB Johannes Gutermuth
|
0-0: Called Strike 0-1: Foul Ball, location: 2F 0-2: Foul Ball, location: 2F 0-2: Ball 1-2: Ball 2-2: Fielders Choice at 2nd, 6-4 (Groundball, 56, EV 106.3 MPH)
|
| Top of the 9th over - 1 run, 1 hit, 0 errors, 1 left on base; Pulaski 1 - Baltimore (APP) 3 |
|